 Dungeon Crawl Stone Soup version 0.30-a0-782-ge64f9170bb (webtiles) character file.

Game seed: 17840019810725717660

164 mopl the Chopper (level 5, 0/31 (40) HPs)
             Began as a Formicid Warper on Mar 11, 2023.
             Slain by a river rat (5 damage)
             ... summoned by Eustachio
             ... on level 4 of the Dungeon.
             The game lasted 00:03:40 (2502 turns).

mopl the Chopper (Formicid Warper)                  Turns: 2502, Time: 00:03:41

HP:   0/31 (40)     AC:  8    Str: 16    XL:     5   Next: 73%
MP:   9/9           EV:  5    Int: 14    God:
Gold: 138           SH: 12    Dex: 13    Spells: 9/9 levels left

rFire   . . .      SeeInvis +    a - +0 war axe
rCold   . . .      Faith    .    u - +0 kite shield
rNeg    . . .      Spirit   .    l - +0 chain mail
rPois   .          Reflect  +    (helmet unavailable)
rElec   .          Harm     .    (no cloak)
rCorr   .          Rampage  .    (no gloves)
Will    .....                    (no boots) Stlth
                                 s - amulet of reflection
HPRegen 0.25/turn                (no ring)
MPRegen 0.11/turn                (no ring)

@: heavily drained
A: permanent stasis, dig shafts and tunnels, antennae 3, four strong arms
a: Dig, Shaft Self


You were on level 4 of the Dungeon.
You visited 1 branch of the dungeon, and saw 4 of its levels.

You collected 138 gold pieces.

Inventory:

Hand Weapons
 a - a +0 war axe (weapon)
Missiles
 d - 7 boomerangs of dispersal
 f - 5 boomerangs (quivered)
 n - 5 poisoned darts
 q - 5 javelins
Armour
 l - a +0 chain mail (worn)
 u - a +0 kite shield (worn)
Magical Staves
 v - a staff of fire
Jewellery
 s - an amulet of reflection (around neck)
 C - an amulet of faith {!P}
Wands
 A - a wand of paralysis (4)
Scrolls
 c - 2 scrolls of blinking
 g - a scroll of enchant armour {unknown}
 h - 5 scrolls of teleportation {unknown}
 i - 2 scrolls of vulnerability {unknown}
 k - a scroll of brand weapon {unknown}
 m - a scroll of silence {unknown}
 o - a scroll of fear {unknown}
 p - a scroll of immolation {unknown}
 t - a scroll of butterflies {unknown}
 w - 2 scrolls of identify {unknown}
 y - 2 scrolls of amnesia {unknown}
Potions
 b - a potion of magic {unknown}
 e - 2 potions of berserk rage {unknown}
 j - a potion of degeneration {unknown}
 r - a potion of might {unknown}
 x - a potion of curing {unknown}
 z - a potion of heal wounds {unknown}
 B - a potion of lignification {unknown}


   Skills:
 + Level 2.9 Fighting
 * Level 3.3 Axes
 + Level 1.9 Throwing
 + Level 2.0 Armour
 + Level 1.9 Dodging
 + Level 0.8 Shields
 - Level 1.1 Unarmed Combat
 + Level 2.7 Spellcasting
 + Level 3.1 Translocations


You had 9 spell levels left.
You didn't know any spells.
Your spell library contained the following spells:

 Spells                   Type           Power      Damage    Failure   Level
 Apportation              Tloc           20%        N/A       97%         1
 Lesser Beckoning         Tloc           20%        N/A       99%         2
 Teleport Other           Tloc           10%        N/A       100%        3
 Vhi's Electric Charge    Tloc/Air       12%        N/A       100%        3
 Manifold Assault         Tloc           10%        N/A       100%        4
 Alistair's Intoxication  Tmut/Pois      0%         N/A       100%        5
 Blink                    Tloc           Unusable   N/A       N/A         2

Dungeon Overview and Level Annotations

Branches:
Dungeon (4/15)             Temple (0/1) D:4

Altars:
Sif Muna

Shops:
D:1 *

Annotations:
D:3 1 runed translucent door, emiel's ghost, amateur KoEE
D:4 Eustachio


Innate Abilities, Weirdness & Mutations

You cannot be hasted, slowed, berserked, paralysed or teleported.
You can dig through walls and to a lower floor.
You have a pair of large antennae on your head. (SInv)
Your four strong arms can wield two-handed weapons with a shield.


Message History

You feel drained.
You barely miss Eustachio.
Eustachio is moderately wounded.
Eustachio gestures wildly while chanting.
You block Eustachio's attack.
You closely miss Eustachio.
Eustachio is moderately wounded.
You hit the river rat but do no damage. You slash the rat!
You kill the rat!
The rat's corpse disappears in a puff of smoke!
Eustachio hits you but does no damage.
You feel drained.
The river rat bites you but does no damage.
You barely miss Eustachio.
Eustachio is moderately wounded.
You closely miss the river rat. You block Eustachio's attack.
You block the river rat's attack.
Eustachio hits you with a +1 rapier of draining.
You feel drained.
You closely miss Eustachio.
Eustachio is moderately wounded.
You closely miss the river rat. You block the river rat's attack.
Eustachio mumbles some strange words.
The river rat bites you.
You barely miss Eustachio.
Eustachio is moderately wounded.
You closely miss the river rat. You completely miss the river rat.
You block Eustachio's attack. The river rat bites you.
The river rat bites you but does no damage.
Eustachio hits you with a +1 rapier of draining!
* * * LOW HITPOINT WARNING * * *
You feel drained.
* * * LOW HITPOINT WARNING * * *
The river rat bites you.
* * * LOW HITPOINT WARNING * * *
Unknown command.
You barely miss the river rat. You hit the river rat. You closely miss the rat.
You barely miss Eustachio. You block the rat's attack.
You block the river rat's attack. Eustachio hits you but does no damage.
You feel drained. You block the river rat's attack. The river rat bites you.
You die...

#.......## ..<......# # ...
###......###. ...# #
#..###.##..## #.8.# ###..#
....... #.... . .##..#
......##..#.# .. ..#..#
.........##.## ... #.#..#
...[..r.##...##...# #....#
......8@r..>....8..
##...###
......r@##...##....
##.....##.......r.##.##....
........#####..##..#.#..#
..........###...##.....#
##......#........##.8.## ..
#.......####.#...#...#..#
#.......##.............#
#.....#..#..)......###....


You could see Eustachio, 2 river rats, a quokka (summoned) and a rat (summoned).

Vanquished Creatures
  Jessica (D:3)
  An iguana (D:3)
  5 adders (D:2)
  A dart slug (D:2)
  An orc (D:3)
  10 endoplasms
  2 giant cockroaches
  7 hobgoblins
  3 quokkas (D:2)
  8 ball pythons
  3 bats (D:1)
  2 frilled lizards (D:3)
  7 goblins
  9 kobolds
  4 rats
64 creatures vanquished.

Vanquished Creatures (others)
  2 plants (D:2)
  2 withered plants (D:3)
4 creatures vanquished.

Grand Total: 68 creatures vanquished

Notes
Turn   | Place    | Note
-------+----------+-------------------------------------------
     0 | D:1      | mopl the Formicid Warper began the quest for the Orb.
     0 | D:1      | Reached XP level 1. HP: 16/16 MP: 3/3
    79 | D:1      | Found a faded altar of an unknown god.
   137 | D:1      | Reached XP level 2. HP: 19/22 MP: 5/5
   225 | D:1      | Found Boatzeuti's General Store.
   843 | D:2      | Reached XP level 3. HP: 24/28 MP: 6/6
  1006 | D:2      | Reached XP level 4. HP: 34/34 MP: 7/7
  1224 | D:2      | Reached skill level 1 in Unarmed Combat
  1465 | D:2      | Reached skill level 3 in Axes
  1756 | D:3      | Noticed Jessica
  1788 | D:3      | Killed Jessica
  1789 | D:3      | Reached skill level 3 in Translocations
  1789 | D:3      | Reached XP level 5. HP: 20/39 MP: 8/8
  2006 | D:3      | Reached skill level 2 in Armour
  2200 | D:3      | Found a runed translucent door.
  2202 | D:3      | Noticed emiel's ghost (amateur KoEE)
  2311 | D:3      | Found a shimmering blue altar of Sif Muna.
  2476 | D:4      | Found a staircase to the Ecumenical Temple.
  2488 | D:4      | Noticed Eustachio
  2502 | D:4      | Slain by a river rat

Illustrated notes

Levels and vault maps discovered:
D:1:      lightli_arrival_statue_moat, layout_rooms, serial_shops, shop,
          nicolae_ecumenical_snake_handling
D:2:      layout_loops_corners, serial_bayou_crossing
D:3:      layout_rooms, tgw_sif, serial_curves, eino_curves_04, eino_curves_04,
          gammafunk_ghost_grave
D:4:      layout_rooms, slow_altar_1, minitemple, minmay_temple_entry_waves,
          gammafunk_ghost_split, uniq_eustachio

Skill      XL: |  1  2  3  4  5 |
---------------+----------------+-----
Unarmed Combat | 1 |  1.1
Axes           | 3 |  3.3
Translocations | 3 |  3.1
Armour         | 2 |  2.0
Fighting       | |  2.9
Throwing       | |  1.9
Dodging        | |  1.9
Shields        | |  0.8
Spellcasting   | |  2.7

Action                     |  1- 3 |  4- 6 || total
---------------------------+-------+-------++-------
  Melee: Hand axe          |    46 |       ||    46
         Punch             |     2 |     1 ||     3
         War axe           |    34 |   134 ||   168
   Stab: Sleeping          |     2 |       ||     2
 Armour: Leather armour    |    25 |       ||    25
         Chain mail        |    32 |    65 ||    97
  Dodge: Dodged            |    37 |    43 ||    80
  Block: Kite shield       |       |    46 ||    46
         Reflection        |       |     2 ||     2
         Other             |       |     1 ||     1

Table legend: (Time is in decaauts)
 A = Elapsed time spent in this place.
 B = Non-inter-level travel time spent in this place.
 C = Inter-level travel time spent in this place.
 D = Time resting spent in this place.
 E = Time spent auto-exploring this place.
 F = Levels seen in this place.
 G = Mean time per level.
                   A        B        C        D        E       F      G
               +--------+--------+--------+--------+--------+-----+--------+
         Total |   2588 |   2480 |    108 |    273 |   1612 |   4 |  647.0 |
       Dungeon |   2588 |   2480 |    108 |    273 |   1612 |   4 |  647.0 |
               +--------+--------+--------+--------+--------+-----+--------+

Top non-repeatable levels by time:
     D:2: 1047 daAuts
     D:1: 727 daAuts
     D:3: 672 daAuts
     D:4: 142 daAuts
